 Dungeon Sprint DCSS version 0.29.1-2-gbd0b4ee654 (webtiles) character file.

Game seed: 17428581058859934300

22 Zeld the Cleaver (level 6, -14/93 HPs)
             Began as a Minotaur Berserker on Oct 28, 2022.
             Was a Priest of Trog.
             Demolished by a cane toad (18 damage)
             ... in the Dungeon (Sprint VI: "Thunderdome").
             The game lasted 00:02:55 (406 turns).

Zeld the Cleaver (Minotaur Berserker)                Turns: 406, Time: 00:02:55

Health: -14/93     AC:  4    Str: 23    XL:     6   Next: 48%
Magic:  5/5        EV: 14    Int:  4    God:    Trog [***...]
Gold:   44         SH:  0    Dex: 10    Spells: 5/5 levels left

rFire   . . .      SeeInvis .   a - +0 hand axe
rCold   . . .      Faith    .   (no shield)
rNeg    . . .      Spirit   .   b - +0 animal skin
rPois   .          Reflect  .   (helmet restricted)
rElec   .          Harm     .   (no cloak)
rCorr   .          Rampage  .   m - +0 pair of gloves
Will    ++...      NoTele   +   (no boots)
Stlth   ..........              (no amulet)
HPRegen 1.25/turn               (no ring)
MPRegen 0.09/turn               (no ring)

@: berserking, strong-willed, regenerating, very quick
A: horns 2, retaliatory headbutt
a: Renounce Religion, Berserk, Trog's Hand


You were in the Dungeon.
You worshipped Trog.
Trog was most pleased with you.
You visited 1 branch You collected 240 gold pieces.
You spent 196 gold pieces at shops.

Inventory:

Hand Weapons
 a - a +0 hand axe (weapon)
Armour
 b - a +0 animal skin (worn)
 m - a +0 pair of gloves (worn)
Wands
 j - a wand of light (5)
 k - a wand of iceblast (5)
Scrolls
 h - 4 scrolls of blinking
 l - 3 scrolls of butterflies
 n - a scroll of identify
Potions
 c - a potion of curing
 d - 4 potions of heal wounds
 e - 4 potions of haste
 f - 2 potions of magic
 g - a potion of berserk rage
 i - a potion of resistance


   Skills:
 + Level 8.4 Fighting
 * Level 11.2 Axes
 + Level 7.9 Armour
 + Level 7.1 Dodging


You had 5 spell levels left.
You didn't know any spells.
Your spell library was empty.

Dungeon Overview and Level Annotations

Branches:
Dungeon (1/1)

Altars:
Cheibriados
Dithmenos
Fedhas
Gozag
Kikubaaqudgha
Makhleb
Okawaru
Qazlal
Ru
Sif Muna
Trog
Uskayaw
Vehumet
Wu Jian
Xom
Yredelemnul
Zin
The Shining One
Lugonu

Shops:
D *[??*?*:[((!!!!


Innate Abilities, Weirdness & Mutations

You have a pair of horns on your head.
You reflexively headbutt those who attack you in melee.


Message History

The bullfrog barely misses you. The bullfrog hits you.
You barely miss the bullfrog. Your headbutt misses the bullfrog.
The bullfrog barely misses you.
Unknown command.
You slash the bullfrog! Your headbutt misses the bullfrog.
The bullfrog is moderately wounded.
The bullfrog closely misses you.
You closely miss the bullfrog. You headbutt the bullfrog.
The bullfrog is severely wounded.
The bullfrog misses you. You furiously retaliate!
You headbutt the bullfrog!
You kill the bullfrog!
Trog accepts your kill.
Your Axes skill increases to level 11!
Your Dodging skill increases to level 7!
You hit the cane toad. You headbutt the cane toad.
The cane toad is lightly wounded.
The cane toad stings you!
Unknown command.
You closely miss the cane toad. You headbutt the cane toad!
The cane toad is heavily wounded.
The cane toad stings you!
You are too injured to fight recklessly!
You are too injured to fight recklessly!
Unknown command.
Your skin crawls.
You feel strong-willed. The cane toad stings you!
* * * LOW HITPOINT WARNING * * *
Unknown command.
A red film seems to cover your vision as you go berserk!
You feel yourself moving faster!
You feel mighty!
You can no longer call in reinforcements.
A bullfrog comes into view.
A cane toad comes into view.
The cane toad stings you!!
* * * LOW HITPOINT WARNING * * *
The bullfrog croaks.
The cane toad croaks.
You slash the cane toad!
The cane toad is heavily wounded.
The cane toad stings you!!
You die...

#∩†.....)∩# #........_#
#_......._# #_........#
###..F......###
#⌠...........⌠#
######.8..F......8.##
##.___......###......_
###∩...@†...8.# #.8.....
##......F......###.......
#⌠..........###...###....
#⌠..........# #.<.# #....
#⌠..........###...###....
##.............###.......
###∩........8.# #.8.....
##∩.._......###......_
######.8.........8.##


You could see 2 cane toads and a bullfrog.

Vanquished Creatures
  Sigmund (D)
  3 bullfrogs (D)
  A hound (D)
  An adder (D)
  4 endoplasms (D)
  A goblin (D)
  A jackal (D)
12 creatures vanquished.

Notes
Turn   | Place    | Note
-------+----------+-------------------------------------------
     0 | D        | Zeld the Minotaur Berserker began the quest for the Orb.
     0 | D        | Reached XP level 1. HP: 19/19 MP: 0/0
     5 | D        | Found a shimmering altar of Xom.
     5 | D        | Found a glowing golden altar of the Shining One.
     5 | D        | Round 1.
     7 | D        | Found a bloodstained altar of Trog.
     7 | D        | Found a shadowy altar of Dithmenos.
     8 | D        | Found a stormy altar of Qazlal.
     8 | D        | Found an ancient bone altar of Kikubaaqudgha.
     8 | D        | Found Icsoto's Premium Goods.
     8 | D        | Found Fymoros's Weapon Rack.
     9 | D        | Found Qumum's Miscellaneous Merchandise.
     9 | D        | Found Xuywn's Basic Armour.
    17 | D        | Bought a scroll of magic mapping for 112 gold pieces
    17 | D        | Bought a scroll of identify for 30 gold pieces
    31 | D        | Bought a +0 pair of gloves for 54 gold pieces
    40 | D        | Found a snail-covered altar of Cheibriados.
    41 | D        | Found a sacrificial altar of Ru.
    42 | D        | Found a glowing silver altar of Zin.
    42 | D        | Found Curph's Do-It-Yourself Clinic.
    43 | D        | Found Uzeilosk's Bottled Wisdom.
    43 | D        | Found Rafuaf's Distillery.
    46 | D        | Found a corrupted altar of Lugonu.
    46 | D        | Found a hide-covered altar of Uskayaw.
    46 | D        | Found an opulent altar of Gozag.
    46 | D        | Found Plog's Distillery.
    68 | D        | Found a blossoming altar of Fedhas.
    68 | D        | Found a radiant altar of Vehumet.
    68 | D        | Found Venu Pull's Staff Store.
    68 | D        | Found Rysteros's Must-Have Magic.
    69 | D        | Found Vawahan's Magic Scroll Shop.
    71 | D        | Noticed Sigmund
    74 | D        | Found Fan Wuclon's Magic Scroll Shop.
    74 | D        | Found a basalt altar of Yredelemnul.
    74 | D        | Found a shimmering blue altar of Sif Muna.
    77 | D        | Reached skill level 4 in Axes
    82 | D        | Killed Sigmund
    82 | D        | Reached ** piety under Trog
    83 | D        | Reached skill level 8 in Axes
    83 | D        | Reached skill level 5 in Dodging
    83 | D        | Reached XP level 2. HP: 9/31 MP: 1/1
    83 | D        | Reached XP level 3. HP: 11/38 MP: 2/2
    83 | D        | Reached XP level 4. HP: 13/45 MP: 3/3
    83 | D        | Reached XP level 5. HP: 15/51 MP: 4/4
   102 | D        | Reached skill level 9 in Axes
   113 | D        | Arena points: 12 (+12) [x2]
   187 | D        | Round 2.
   191 | D        | Found an iron altar of Okawaru.
   192 | D        | Found a burning altar of Makhleb.
   249 | D        | Found an ornate altar of the Wu Jian Council.
   253 | D        | Reached *** piety under Trog
   361 | D        | Found Ladoted's Identification Station.
   362 | D        | Found Becarat's Advanced Armour.
   362 | D        | Found Awaatzie's Jewellery.
   365 | D        | Arena points: 22 (+10) [x1]
   380 | D        | Round 3.
   382 | D        | Noticed a cane toad
   389 | D        | Reached skill level 10 in Axes
   396 | D        | Reached **** piety under Trog
   397 | D        | Reached XP level 6. HP: 46/61 MP: 5/5
   402 | D        | Reached skill level 11 in Axes
   405 | D        | Noticed a cane toad
   405 | D        | HP: 3/93 [cane toad (21)]
   406 | D        | Demolished by a cane toad

Illustrated notes

Levels and vault maps discovered:
D:        arena_sprint

Skill      XL: |  1  2  3  4  5  6 |
---------------+-------------------+-----
Axes           | 8 10 11 | 11.2
Fighting       | 6 8 |  8.4
Armour         | 6 7 |  7.9
Dodging        | 5 6 7 |  7.1

Action                   |  1- 3 |  4- 6 || total
-------------------------+-------+-------++-------
Melee: Hand axe          |     7 |    25 ||    32
       Headbutt          |     1 |     8 ||     9
Invok: Berserk           |     1 |     1 ||     2
       Trog's Hand       |       |     2 ||     2
  Use: Scroll            |     1 |       ||     1
Armor: Animal skin       |     2 |     4 ||     6
Dodge: Dodged            |     4 |    17 ||    21
